 Dungeon Crawl Stone Soup version 0.25-a0-163-g00f8f0cddd (webtiles) character file.

Game seed: 14895442567992528690, levelgen mode: deterministic

108 Jindul the Skirmisher (level 4, -1/40 HPs)
             Began as a Ghoul Chaos Knight on Nov 22, 2019.
             Was a Plaything of Xom.
             Slain by an adder (7 damage)
             ... on level 2 of the Dungeon.
             The game lasted 00:09:35 (1208 turns).

Jindul the Skirmisher (Ghoul Chaos Knight)          Turns: 1208, Time: 00:09:35

Health: -1/40      AC:  5    Str: 16    XL:     4   Next: 87%
Magic:  3/3        EV: 11    Int:  7    God:    Xom [..*...]
Gold:   54         SH:  0    Dex:  8    Spells: 3/3 levels left

rFire    . . .     SeeInvis .   a - +0 spear (chaos)
rCold    + . .     Gourm    .   (no shield)
rNeg     + + +     Faith    .   b - +2 leather armour
rPois    ∞         Spirit   .   (no helmet)
rElec    .         Reflect  .   (no cloak)
rCorr    .         Harm     .   (no gloves)
MR       .....                  (no boots)
Stlth    ++........             (no amulet)
HPRegen  0.00/turn              g - ring of flight
MPRegen  0.08/turn              (no ring)

@: rotting
A: rotting body, claws 1, carnivore, cold resistance 1, negative energy
resistance 3, inhibited regeneration, torment resistance, unbreathing
a: Renounce Religion, Evoke Flight


You were on level 2 of the Dungeon.
You worshipped Xom.
You were a toy of Xom.
You were not hungry.

You visited 1 branch of the dungeon, and saw 3 of its levels.

You collected 54 gold pieces.

Inventory:

Hand Weapons
 a - a +0 spear of chaos (weapon)
Missiles
 d - 30 bolts
Armour
 b - a +2 leather armour (worn)
 l - a +2 chain mail of poison resistance
Jewellery
 g - a ring of flight (left claw)
Scrolls
 f - a scroll of fog {unknown}
 o - a scroll of teleportation {unknown}
Potions
 e - a potion of agility {unknown}
 h - a potion of heal wounds {unknown}
 i - a potion of lignification {unknown}
 j - 2 potions of curing {unknown}
 k - a potion of berserk rage {unknown}
 m - a potion of degeneration {unknown}
Comestibles
 c - 3 rations


   Skills:
 + Level 3.8 Fighting
 + Level 3.1 Polearms
 + Level 2.3 Armour
 + Level 1.8 Dodging
 * Level 2.9 Stealth


You had 3 spell levels left.
You didn't know any spells.
Your spell library was empty.

Dungeon Overview and Level Annotations

Branches:
Dungeon (3/15)

Altars:


Innate Abilities, Weirdness & Mutations

Your body is rotting away.
You thrive on raw meat.
You are immune to poison.
You have sharp fingernails.
You are carnivorous and can eat meat at any time.
Your flesh is cold resistant. (rC+)
You are immune to negative energy. (rN+++)
You do not regenerate when monsters are visible.
You are immune to unholy pain and torment.
You can survive without breathing.


Message History

The orc is heavily wounded.
The adder bites you.
You hit the orc but do no damage.
The orc is poisoned.
The orc is heavily wounded.
The orc hits you with a +0 mace. The adder barely misses you.
You barely miss the orc.
The orc is heavily wounded.
The adder bites you! The orc barely misses you.
You hit the adder.
The adder is poisoned.
The adder is heavily wounded.
The adder bites you but does no damage. The orc completely misses you.
You miss the adder.
The adder is heavily wounded.
The adder barely misses you. The adder bites you but does no damage.
You closely miss the adder.
The adder is heavily wounded.
The orc hits you with a +0 mace!
* * * LOW HITPOINT WARNING * * *
The adder bites you!
You die...

# #.# #..# #
#.######..# #
#.........#
###########.##
........# #.######
###.###.###......#
# #.###........#.#
# #............#S#
# ###########..#@#
# ###..#o# #
###....#.# #####
#.....##.# ....#
##.....##.# ###.#
#.........# #.#
#......#### #.#
#..<...# #.#
#.##.#.#


You could see an adder and an orc.

Vanquished Creatures
  Jessica (D:2)
  Terence (D:2)
  2 adders (D:2)
  3 worms (D:2)
  A dart slug (D:1)
  A leopard gecko (D:2)
  A giant cockroach (D:2)
  4 hobgoblins
  A quokka (D:2)
  A ball python (D:1)
  2 bats
  3 frilled lizards
  4 goblins (D:1)
  4 kobolds (D:1)
  3 rats
32 creatures vanquished.

Vanquished Creatures (others)
  A leopard gecko (D:2)
  A kobold (D:1)
2 creatures vanquished.

Grand Total: 34 creatures vanquished

Notes
Turn   | Place    | Note
-------+----------+-------------------------------------------
     0 | D:1      | Jindul the Ghoul Chaos Knight began the quest for the Orb.
     0 | D:1      | Reached XP level 1. HP: 19/19 MP: 0/0
    21 | D:1      | XOM: potion effect (brilliance)
    29 | D:1      | Reached skill level 1 in Dodging
    45 | D:1      | Reached skill level 1 in Stealth
    45 | D:1      | Reached XP level 2. HP: 26/26 MP: 1/1
   200 | D:1      | XOM: divination: detect items
   332 | D:1      | XOM: divination: magic mapping
   346 | D:1      | XOM: divination: magic mapping
   491 | D:2      | Reached XP level 3. HP: 31/31 MP: 2/2
   529 | D:2      | XOM: medium Erth miscast
   552 | D:2      | Noticed Jessica
   576 | D:2      | Killed Jessica
   576 | D:2      | Reached XP level 4. HP: 33/40 MP: 3/3
   679 | D:2      | Noticed Terence
   740 | D:2      | Killed Terence
   833 | D:2      | XOM: cloud trail
   948 | D:2      | XOM: mild Conj miscast
  1208 | D:2      | Slain by an adder

Levels and vault maps discovered:
D:1:      saegor_arrival_miasma, layout_basic, minmay_pentomino_r2
D:2:      layout_loops_ring, minmay_misc_feat_cross, uniq_jessica, uniq_terence
D:3:      layout_rooms, first_ration

Skill      XL: |  1  2  3 |
---------------+----------+-----
Dodging        | 1 |  1.8
Stealth        | 1 2 |  2.9
Armour         | 2 |  2.3
Polearms       | 3 |  3.1
Fighting       | |  3.8

Action                   |  1- 3 |  4- 6 || total
-------------------------+-------+-------++-------
Melee: Spear             |    87 |    59 ||   146
 Stab: Sleeping          |     1 |     1 ||     2
  Eat: Chunk             |     9 |     5 ||    14
Armor: Leather armour    |    13 |    10 ||    23
Dodge: Dodged            |    21 |    25 ||    46

Table legend:
 A = Non-vault XP
 B = Vault XP
 C = Vault XP percentage of total XP
 D = Non-vault monster count
 E = Vault monster count
 F = Vault count percentage of total count
                 A         B        C        D         E       F
            +---------+---------+-------+---------+---------+-------
      Total |      82 |      73 |  47.1 |      30 |       4 |  11.8
            +---------+---------+-------+---------+---------+-------
        D:1 |      27 |       4 |  12.9 |      17 |       2 |  10.5
        D:2 |      55 |      69 |  55.6 |      13 |       2 |  13.3
            +---------+---------+-------+---------+---------+-------
